[Event "44th Indian Team Championship 2025"]
[Site "Gujarat"]
[Date "2025.03.06"]
[Round "2.2"]
[White "Neelash Saha"]
[Black "Jani Kushal R"]
[Result "1-0"]
[Annotator "RC"]
[ECO "A13"]
[WhiteElo "2460"]
[BlackElo "2270"]
[PlyCount "91"]
[EventDate "2025.03.03"]
[EventCountry "IND"]
[SourceTitle "playchess.com"]
[Source "ChessBase"]
[SourceQuality "1"]
[TimeControl "5400+30"]

1. Nf3 d5 2. e3 Nf6 3. c4 e6 4. b3 Bd6 5. Be2 Nbd7 6. cxd5 exd5 7. Ba3 c5 8. O-O O-O 9. d4 b6 10. Nc3 Bb7 11. Rc1 a6 12. Rc2 Qe7 13. Qb1 Rac8 14. Rd1 Rfe8 15. Bf1 Ne4 16. dxc5 Nxc3 17. Rxc3 bxc5 18. Qf5 Nf6 19. Bb2 Ne4 20. Rc2 g6 21. Qh3 h5 22. Qh4 Qe6 23. Bd3 Be7 24. Qf4 g5 25. Qe5 Qxe5 26. Nxe5 Bf6 27. Bxe4 Bxe5 28. Bxd5 Rcd8 29. Bxe5 Bxd5 30. f4 Be4 31. Rcd2 Rxd2 32. Rxd2 gxf4 33. exf4 Rc8 34. Rd6 c4 35. Rh6 Bh7 36. bxc4 Rxc4 37. Rxh5 Rc1+ 38. Kf2 Rc2+ 39. Kf3 Rxa2 40. f5 Ra5 41. Kf4 Rd5 42. Rh6 a5 43. g4 a4 44. Ra6 f6 45. Bxf6 Kf7 46. Be5 1-0

[Event "44th Indian Team Championship 2025"]
[Site "Gujarat"]
[Date "2025.03.06"]
[Round "2.3"]
[White "Anadkat Kartavya"]
[Black "Aronyak Ghosh"]
[Result "0-1"]
[Annotator "TA"]
[ECO "B12"]
[WhiteElo "2175"]
[BlackElo "2530"]
[PlyCount "78"]
[EventDate "2025.03.03"]
[EventCountry "IND"]
[SourceTitle "playchess.com"]
[Source "ChessBase"]
[SourceQuality "1"]
[TimeControl "5400+30"]

1. e4 c6 2. d4 d5 3. e5 Bf5 4. h4 h5 5. Bd3 Qd7 6. Ne2 {[%emt 0:09:47] B12: Caro-Kann: Advance Variation.} Bxd3 7. Qxd3 e6 8. Nd2 {[%emt 0:01:10][%cal Bb1d2,Bd2f3,Bf3d4][%mdl 32] The position is equal.} c5 9. c3 Nc6 10. Nf3 cxd4 $146 (10... Nge7 11. O-O Nf5 12. Bg5 c4 13. Qc2 b5 14. b3 Rc8 15. Rad1 cxb3 16. axb3 Be7 {½-½ Grischuk,A (2675)-Abdusattorov,N (2740) Wch Rapid New York 2024 (9)}) 11. Nexd4 Nge7 12. Bg5 Nxd4 13. Nxd4 Ng6 14. Nf3 Rc8 15. O-O Be7 16. Bxe7 Nxe7 17. g3 Nf5 18. Nd4 Nxd4 19. cxd4 O-O 20. Rfc1 Rc6 21. Rxc6 Qxc6 $15 {[%emt 0:00:20][%mdl 4096] Endgame KQR-KQR} 22. Qe2 Qa4 23. Qd2 (23. Qd1 $15 {should be considered.} Qxd1+ 24. Rxd1) 23... Rc8 $17 24. b3 {[%emt 0:00:02] [#]} Qc6 25. Rd1 Qc2 26. Kf1 $1 Qe4 {[%emt 0:02:52] Hoping for ...Rc2. Black is more active.} 27. Qd3 Qxd3+ (27... Qh1+ 28. Ke2 Qg2 29. Rd2 $11) 28. Rxd3 $15 {[%emt 0:00:03] KR-KR} Rc2 29. a4 Kh7 30. Kg2 Kg6 31. Kf3 (31. Rf3 $15) 31... Kf5 32. Kg2 $2 {[%emt 0:01:27] White does not recover from this.} (32. Ke3 $17) 32... Ke4 $19 33. Rf3 Rc7 (33... Kxd4 34. Rxf7 Kc3 (34... Kxe5 35. Rxb7 d4 36. Rxa7 $16) 35. g4 $17 (35. Rxb7 d4 $11)) 34. Rf4+ Kd3 35. f3 (35. g4 {keeps fighting.} g6 36. gxh5 gxh5 37. a5) 35... a5 {[%emt 0:01:03] Black is clearly winning.} 36. g4 Ke3 37. Kg3 {[%emt 0:00:10] [#]} g5 $1 38. Rf6 {[%emt 0:01:17] [#]} gxh4+ $1 (38... Kxd4 39. gxh5 gxh4+ (39... Kxe5 $2 {too greedy.} 40. hxg5 Kd6 41. h6 $18) 40. Kxh4 $11) 39. Kxh4 hxg4 {[%emt 0:00:04] Weighted Error Value: White=0.22 (precise) /Black=0.04 (flawless)   Loses game:     	White=1     	---        Mistake:       	White=3     	---        Inaccurate:     	White=2     	Black=2      OK:         	White=6     	Black=19     Best:        	---       	Black=3      Strong:       	White=1     	Black=1} ({Worse is} 39... Kxd4 40. gxh5 Kxe5 41. Kg5 $11) 0-1

[Event "44th Indian Team Championship 2025"]
[Site "Gujarat"]
[Date "2025.03.06"]
[Round "2.4"]
[White "Gusain, Himal"]
[Black "Makwana Devam"]
[Result "1-0"]
[Annotator "TA"]
[ECO "D30"]
[WhiteElo "2528"]
[BlackElo "1817"]
[PlyCount "91"]
[EventDate "2025.03.03"]
[EventCountry "IND"]
[SourceTitle "playchess.com"]
[Source "ChessBase"]
[SourceQuality "1"]
[TimeControl "5400+30"]

1. d4 d5 2. c4 c6 3. Nf3 Nf6 4. e3 e6 5. Bd3 dxc4 6. Bxc4 b5 7. Bd3 {[%emt 0:00:18] D30: Queen's Gambit Declined: Systems without Nc3.} Nbd7 {[%emt 0:01:26] is the legacy move (7...a6).} 8. O-O Bd6 {[%emt 0:03:32] [#]} (8... Bb7 $11) 9. a4 (9. e4 $1 $16 ) 9... b4 $14 10. e4 e5 11. Nbd2 O-O 12. Nc4 Qe7 (12... Bc7 $142) 13. Re1 $16 c5 14. Nxd6 (14. d5 $18) 14... Qxd6 15. dxe5 Nxe5 16. Nxe5 Qxe5 17. f4 Qe7 $146 (17... Qd4+ 18. Be3 Qxb2 19. Re2 Qc3 20. Rc1 Qa3 21. Ra1 Qc3 {½-½ Kretchetov,A (2152)-Aarav,D (2377) Saint Louis 1000 GM GM 01 2023 (6.2)}) 18. e5 Re8 (18... Ng4 $11 {remains equal.}) 19. Qe2 {[%emt 0:04:22] White is more active.} Ng4 {[%emt 0:04:24][%cal Oc5c4] [#]} 20. h3 $1 $36 {[%emt 0:04:58][%mdl 2048] White is really pushing.} Nh6 (20... c4 21. Bxc4 Nh6 22. Qf2) 21. Be3 Bf5 (21... Nf5 $16) 22. Ba6 Bc8 23. Bb5 Bd7 24. Bxd7 Qxd7 25. Bxc5 Rac8 (25... a5 $16 26. Qe4 Rac8) 26. Qf2 (26. Bxb4 $2 {loses.} Qd4+ 27. Qe3 Qxb4 28. Qxa7 Qxf4 $19) 26... a5 27. Red1 Qe6 28. Bb6 Qb3 29. Rd2 Nf5 30. Bxa5 h6 $2 {[%emt 0:06:27] This move loses the game for Black.} (30... Ra8 $16) 31. Bb6 $18 Rc4 32. a5 Rec8 (32... Ng3 $142) 33. Rad1 Rc1 34. Qf3 Qa4 35. Kh2 {[%emt 0:01:34] White is clearly winning.} b3 36. Qg4 g6 {[%emt 0:00:42] [#]} 37. e6 $1 Rxd1 38. exf7+ Kxf7 39. Rxd1 Rc2 (39... Qc6 $142 40. Qe2 Kg8) 40. Qf3 {[%emt 0:00:30] Strongly threatening Qd5+.} ({Less strong is} 40. Rd8 Qc6 $14) 40... Rc6 41. Qd5+ Re6 42. Re1 Qxf4+ 43. Kg1 Qd6 44. Qxe6+ Qxe6 45. Rxe6 Kxe6 46. a6 {[%emt 0:00:07] Weighted Error Value: White=0.22 (precise) /Black=0.64  Loses game:     	---       	Black=1      Mistake:       	White=2     	Black=7      Inaccurate:     	White=3     	Black=3      OK:         	White=15    	Black=9      Best:        	White=3     	---} 1-0

[Event "44th Indian Team Championship 2025"]
[Site "Gujarat"]
[Date "2025.03.06"]
[Round "2.5"]
[White "Vignesh N R"]
[Black "Sriram, Jha"]
[Result "1/2-1/2"]
[Annotator "RC"]
[ECO "B45"]
[WhiteElo "2537"]
[BlackElo "2322"]
[PlyCount "115"]
[EventDate "2025.03.03"]
[EventCountry "IND"]
[SourceTitle "playchess.com"]
[Source "ChessBase"]
[SourceQuality "1"]
[TimeControl "5400+30"]

1. e4 c5 2. Nf3 e6 3. d4 cxd4 4. Nxd4 Nf6 5. Nc3 Nc6 6. a3 d5 7. Bb5 Bd7 8. exd5 exd5 9. O-O Be7 10. Be3 O-O 11. Be2 Re8 12. Re1 a6 13. h3 h6 14. Nf3 Be6 15. Bd3 Rc8 16. Ne2 Bd6 17. Ned4 Bd7 18. Nxc6 Bxc6 19. Nd4 Bd7 20. Qf3 Be5 21. c3 Qc7 22. Rad1 b5 23. Bb1 a5 24. Ba2 Qb7 25. Nb3 Qa8 26. Nc5 Bc6 27. Qf5 Qb8 28. Bd4 Bxd4 29. cxd4 Rxe1+ 30. Rxe1 Re8 31. Rxe8+ Qxe8 32. Qe5 Qd8 33. Ne6 Qe8 34. Nc5 Qd8 35. Qe1 Qc7 36. Nb3 a4 37. Nc5 Qf4 38. Qc3 Qf5 39. Qc1 Be8 40. Bb1 Qc8 41. Qe3 Qb8 42. Bd3 Qb6 43. Qe1 Qd6 44. Qe3 Qb6 45. Bc2 Qd6 46. Nd3 Qc7 47. Nb4 Kf8 48. Bd1 Bd7 49. Be2 Qb6 50. Qe5 Be6 51. Bf3 Nd7 52. Qe3 Nf6 53. Qc3 Qd6 54. Nd3 Ne4 55. Qa5 Qb8 56. Ne5 Kg8 57. Be2 Qc8 58. Qe1 1/2-1/2

[Event "44th Indian Team Championship 2025"]
[Site "Gujarat"]
[Date "2025.03.06"]
[Round "2.6"]
[White "Sharma, Dinesh K."]
[Black "Das, Sayantan"]
[Result "1/2-1/2"]
[Annotator "RC"]
[ECO "D35"]
[WhiteElo "2167"]
[BlackElo "2428"]
[PlyCount "65"]
[EventDate "2025.03.03"]
[EventCountry "IND"]
[SourceTitle "playchess.com"]
[Source "ChessBase"]
[SourceQuality "1"]
[TimeControl "5400+30"]

1. d4 Nf6 2. c4 e6 3. Nc3 d5 4. cxd5 exd5 5. Bf4 c5 6. e3 Nc6 7. dxc5 Bxc5 8. Nf3 O-O 9. Be2 h6 10. O-O a6 11. Rc1 Ba7 12. Ne5 Ne7 13. Nf3 Nc6 14. Ne5 Ne7 15. Nf3 Be6 16. Nd4 Qd7 17. Be5 Ne8 18. Na4 Rc8 19. Rxc8 Qxc8 20. Qd2 Qd7 21. Qc2 Ng6 22. Bg3 Nf6 23. Nc5 Bxc5 24. Qxc5 Ne4 25. Qb4 Rc8 26. Rd1 Nxg3 27. hxg3 Ne5 28. Nf3 Nc6 29. Qb6 Qc7 30. Qxc7 Rxc7 31. Rc1 Rc8 32. Nd4 Nxd4 33. Rxc8+ 1/2-1/2

[Event "44th Indian Team Championship 2025"]
[Site "Gujarat"]
[Date "2025.03.06"]
[Round "2.7"]
[White "Visakh N R"]
[Black "Ashutosh Mohapatra"]
[Result "1-0"]
[Annotator "TA"]
[ECO "E11"]
[WhiteElo "2514"]
[BlackElo "1845"]
[PlyCount "67"]
[EventDate "2025.03.03"]
[EventCountry "IND"]
[SourceTitle "playchess.com"]
[Source "ChessBase"]
[SourceQuality "1"]
[TimeControl "5400+30"]

1. d4 Nf6 2. Nf3 e6 3. c4 d5 4. g3 Bb4+ 5. Bd2 Be7 6. Bg2 O-O 7. Qc2 c6 8. O-O Nbd7 9. Rc1 {[%emt 0:00:19] E11: Bogo-Indian.} Ne4 10. Be1 b6 11. Nbd2 {[%emt 0:07:19] White has an edge.} Nxd2 12. Nxd2 Bb7 $146 (12... Nf6 13. e4 a5 14. e5 Nd7 15. cxd5 cxd5 16. Bf1 Ba6 17. Bxa6 Rxa6 18. Qd3 Ra8 {1-0 Cherniaev,A (2384)-Solberg,J (2190) Oslo op 2018 (4)}) 13. e4 Rc8 14. Qa4 a6 15. Qb3 dxc4 (15... dxe4 $1 $11 16. Nxe4 c5) 16. Nxc4 $14 c5 17. d5 {[%emt 0:01:55] White plays in the center} exd5 18. exd5 {[%emt 0:00:04][%csl Od5] [#] d6 is the strong threat. White has a strong passed pawn} Bf6 19. Rd1 Rb8 (19... b5 $11 {is superior.}) 20. Bd2 {[%emt 0:07:11] White is more active.} b5 21. Na5 $36 {[%emt 0:00:23][%mdl 2048] White has some pressure.} Qb6 22. Qa3 Bd4 23. Nb3 (23. Bf4 {with more complications.} Rbc8 24. Nxb7 Qxb7 25. d6) 23... Be5 24. Be3 $1 Bd6 ({Better is} 24... Qf6 $14 25. Nxc5 Nxc5 26. Qxc5 (26. Bxc5 $2 {perishes.} Bxb2 27. Bxf8 Rxf8 $19) 26... Bxb2) 25. Qa5 $16 Qxa5 26. Nxa5 Ne5 27. Rac1 Nd7 28. Bh3 Nf6 {[%emt 0:01:43] [#] Black cannot hold the game after this.} (28... f5 $16 {might work better.}) 29. Nxb7 $18 Rxb7 30. Bxc5 Bxc5 31. Rxc5 Rd8 (31... Nd7 $142 32. Rc6 h6) 32. d6 g6 33. Rc8 Rb8 34. d7 {[%emt 0:00:38] Weighted Error Value: White=0.08 (flawless) /Black=0.26 (precise)   Mistake:       	---       	Black=5      Inaccurate:     	White=3     	Black=3      OK:         	White=9     	Black=8      Best:        	White=2     	Black=1      Strong:       	White=1     	---} 1-0

[Event "44th Indian Team Championship 2025"]
[Site "Gujarat"]
[Date "2025.03.06"]
[Round "2.8"]
[White "Gajendra, Singh"]
[Black "Mitrabha, Guha"]
[Result "0-1"]
[Annotator "TA"]
[ECO "A49"]
[WhiteElo "1819"]
[BlackElo "2499"]
[PlyCount "90"]
[EventDate "2025.03.03"]
[EventCountry "IND"]
[SourceTitle "playchess.com"]
[Source "ChessBase"]
[SourceQuality "1"]
[TimeControl "5400+30"]

1. d4 Nf6 2. Nf3 c5 3. d5 g6 4. g3 d6 5. Bg2 b5 6. a4 {[%emt 0:00:15] A49: 1 d4 Nf6 2 Nf3 g6 3 g3: Anti-King's Indian systems.} b4 7. c4 bxc3 8. Nxc3 {[%emt 0:02:16][%cal Of3e5] The position is equal.} Bg7 9. O-O O-O 10. Re1 Nbd7 $146 (10... Na6 11. Nd2 Nb4 12. Nc4 Ba6 13. Nb5 Nd7 14. Ra3 Rb8 15. Bg5 h6 16. Bd2 Nb6 17. Nxb6 Qxb6 {0-1 Shyam,N (2442)-Vitiugov,N (2726) Titled Tuesday intern op 15th Feb Early blitz 2022 (6)}) 11. h3 Rb8 12. Ra3 Ba6 13. e4 Ne8 14. Qc2 Qb6 15. h4 Nc7 16. Bh3 Bc8 17. Nd2 (17. h5 $11 {keeps the balance.}) 17... Ne5 $17 18. Bf1 (18. Rb3 $2 Nf3+ 19. Kh1 Nxe1 $19) 18... Ba6 19. Nd1 Bxf1 20. Rxf1 Na6 (20... e6 $17 21. Ne3 exd5 22. exd5 Qa6) 21. Ne3 $15 Nb4 22. Qd1 Qa6 $36 {[%emt 0:00:30][%mdl 2048] Black has strong initiative. Black is more active. White is on the road to losing.} 23. f4 (23. h5 $17) 23... Ned3 $19 24. Nec4 (24. Ndc4 Bd4 25. b3) 24... e6 25. dxe6 (25. Qf3 {was the only chance.} Bd4+ 26. Kh2 exd5 27. exd5 Nxc1 28. Rxc1) 25... fxe6 26. Rf3 (26. e5 dxe5 27. Nxe5) 26... Bd4+ (26... d5 27. Ne3 $19) 27. Kg2 d5 28. exd5 exd5 29. Ne5 Bxe5 (29... Nxb2 $2 30. Bxb2 Bxb2 31. Rae3 $19) 30. fxe5 Nxe5 {[%emt 0:00:50] [#] Excellent horsemanship.} 31. Rxf8+ Rxf8 32. Nf3 Ned3 33. Bh6 Re8 (33... Nxb2 34. Qe1 N2d3 35. Qe7 $11) 34. Qf1 Qc4 (34... Nxb2 35. Qxa6 Nxa6 36. Rb3 $11) 35. Rc3 $2 {[%emt 0:01:23] [#]} (35. Kh2) 35... Qe4 36. Kh2 Qe2+ {[%emt 0:01:18] White is weak on the light squares} (36... Nxb2 37. Rxc5 Qe7 (37... Nxa4 38. Rc7 $16) 38. Rc1 Qe2+ (38... Nxa4 $2 39. Re1 $18) 39. Qxe2 Rxe2+ 40. Kh3 $14) 37. Kg1 Qxf1+ (37... Nxb2 38. Qxe2 Rxe2 39. Rxc5 $16) 38. Kxf1 Kf7 (38... Nxb2 39. Rxc5 Nc4 40. Rc7 $11) 39. Bd2 a5 (39... Nxb2 40. Ng5+ (40. Rxc5 N4d3 $18) 40... Kg8 41. Rxc5 $16) 40. Ng5+ Kg7 41. Ra3 c4 ({Stronger than} 41... Nxb2 42. Bc3+ d4 43. Bxb2 $11) 42. Bc3+ (42. Nf3 {keeps fighting.}) 42... Kg8 {[%emt 0:00:26] ...Nc2 is the strong threat. Black is clearly winning.} 43. Nf3 Nc2 {[%emt 0:00:00] Against Nd4} 44. Ra2 Rf8 45. Kg2 Ne3+ {[%emt 0:00:03] Weighted Error Value: White=0.56/Black=0.20 (precise)   Mistake:       	White=7     	Black=1      Inaccurate:     	White=4     	Black=2      OK:         	White=8     	Black=17     Best:        	---       	Black=3} 0-1

[Event "44th Indian Team Championship 2025"]
[Site "Gujarat"]
[Date "2025.03.06"]
[Round "2.9"]
[White "Lakshmi Narayanan M V"]
[Black "Harikrishnan.A.Ra"]
[Result "0-1"]
[Annotator "TA"]
[ECO "A50"]
[WhiteElo "2097"]
[BlackElo "2468"]
[PlyCount "78"]
[EventDate "2025.03.03"]
[EventCountry "IND"]
[SourceTitle "playchess.com"]
[Source "ChessBase"]
[SourceQuality "1"]
[TimeControl "5400+30"]

1. d4 Nf6 2. c4 Nc6 3. Nc3 e5 4. d5 Ne7 5. e4 Ng6 6. Be3 Bb4 7. f3 O-O 8. Nge2 {[%emt 0:00:40] A50: Queen's Fianchetto Defence (1 d4 Nf6 2 c4 b6).} d6 9. Qd2 a6 $146 (9... c6 $11) ({Predecessor:} 9... Nd7 10. O-O-O Bc5 11. g3 Bxe3 12. Qxe3 a6 13. Kb1 Rb8 14. Nc1 f5 15. exf5 Rxf5 {1-0 Karpov,A (2692)-Llobel Cortell,E (2388) Manises exh m1 10' blitz 2001 (1.1)}) 10. a3 $16 {[%emt 0:01:14] White is better.} Bc5 11. g3 (11. Bxc5 $16 dxc5 12. h4) 11... Ne8 12. Bg2 Bxe3 13. Qxe3 f5 14. exf5 Bxf5 15. O-O Nf6 16. h3 {[%emt 0:03:19] [#]} b5 $1 17. cxb5 axb5 18. f4 b4 19. axb4 {[%emt 0:03:08] And now Rxa8 would win.} Rxa1 20. Rxa1 exf4 21. Nxf4 Nxf4 22. Qxf4 Nd7 23. Qd2 Ne5 24. Rf1 Bd7 25. Rf4 Rxf4 26. Qxf4 Qb8 27. Bf1 h6 28. b5 Qa7+ 29. Kg2 Qa1 30. Qf2 Qc1 31. Kh2 Be8 32. Na2 Qa1 33. Nb4 Bxb5 34. Bxb5 Qa5 35. Nc6 Qxb5 36. Ne7+ ({Better is} 36. Nxe5 $11 dxe5 37. d6) 36... Kh7 $15 37. Qf8 $2 {[%emt 0:08:08][%mdl 8192] [#]} (37. Qc2+ $15 g6 38. g4) 37... Qe2+ $1 $19 {[%emt 0:01:42] Black is clearly winning.} (37... Qxb2+ 38. Kg1 Qc1+ 39. Kf2 Qc2+ 40. Kf1 Qd3+ 41. Kf2 Qd2+ 42. Kf1 Qd3+ 43. Kf2 Qc2+ 44. Kg1 Qd1+ 45. Kf2 Qc2+ $11) 38. Kh1 Qe4+ ({And not} 38... Qxb2 39. Qg8#) 39. Kg1 {[%emt 0:00:45] [#]} Nf3+ $1 {[%emt 0:00:24] Weighted Error Value: White=0.34/Black=0.07 (flawless)   Loses game:     	White=1     	---        Mistake:       	White=2     	Black=1      Inaccurate:     	White=1     	Black=1      OK:         	White=14    	Black=14     Best:        	White=1     	Black=2      Strong:       	---       	Black=1} 0-1

[Event "44th Indian Team Championship 2025"]
[Site "Gujarat"]
[Date "2025.03.06"]
[Round "2.10"]
[White "Raahul V S"]
[Black "Hiren K G"]
[Result "0-1"]
[Annotator "RC"]
[ECO "E51"]
[WhiteElo "2389"]
[BlackElo "1985"]
[PlyCount "70"]
[EventDate "2025.03.03"]
[EventCountry "IND"]
[SourceTitle "playchess.com"]
[Source "ChessBase"]
[SourceQuality "1"]
[TimeControl "5400+30"]

1. d4 Nf6 2. c4 e6 3. Nc3 Bb4 4. e3 O-O 5. Bd2 d5 6. Nf3 b6 7. cxd5 exd5 8. Bd3 c5 9. Ne5 Ba6 10. Bxa6 Nxa6 11. Qa4 Bxc3 12. Bxc3 Nc7 13. dxc5 bxc5 14. O-O Ne4 15. Ba5 Qd6 16. Nd3 Ne6 17. Rfd1 Rfc8 18. f3 Nf6 19. Bc3 d4 20. Ne1 Nd5 21. exd4 Ne3 22. Rd2 cxd4 23. Bb4 Qd5 24. Nd3 a5 25. Ba3 Rc4 26. Qb3 a4 27. Qb6 Rc6 28. Qb4 Nc2 29. Rxc2 Rxc2 30. Re1 Qg5 31. Nf2 Rc1 32. g3 Rac8 33. Nd3 Qe3+ 34. Kg2 R8c2+ 35. Kh3 Qh6+ 0-1

[Event "44th Indian Team Championship 2025"]
[Site "Gujarat"]
[Date "2025.03.06"]
[Round "2.11"]
[White "Dinesh Rajan M"]
[Black "Harshavardhan G B"]
[Result "0-1"]
[Annotator "TA"]
[ECO "C56"]
[WhiteElo "2157"]
[BlackElo "2417"]
[PlyCount "97"]
[EventDate "2025.03.03"]
[EventCountry "IND"]
[SourceTitle "playchess.com"]
[Source "ChessBase"]
[SourceQuality "1"]
[TimeControl "5400+30"]

1. e4 e5 2. Nf3 Nc6 3. Bc4 d6 4. d4 Nf6 5. Nc3 Bg4 6. d5 {[%emt 0:04:33] C56: Two Knights: 4 d4 exd4 5 0-0 Nxe4.} Nd4 7. Be3 a6 8. Bxd4 {[%emt 0:09:10] White is slightly better.} exd4 9. Qxd4 Bxf3 10. gxf3 g6 11. f4 $146 ({Better is} 11. Qe3 $11) (11. Be2 Bg7 12. Qe3 O-O 13. h4 h5 14. O-O-O Re8 15. Kb1 b5 16. Qd2 Nd7 17. Qg5 {0-1 Babula,V (2345)-Shyam,S (2493) Piestany Slovakia op-A 2024 (3)}) 11... Bg7 {[%emt 0:01:14][%mdl 1024] Black has compensation.} 12. Be2 O-O {[%emt 0:03:52] Black sacrificed a pawn} 13. Kf1 (13. Qe3 $11) 13... Re8 14. Qd3 Nd7 15. Qf3 Nc5 16. Bd3 Qe7 17. Kg2 Bxc3 18. bxc3 Nxe4 19. Rhe1 f5 20. Rab1 $1 Qf7 21. Bxe4 (21. Rxb7 $2 {too greedy.} Nd2 22. Qd1 (22. Rxe8+ $2 Rxe8 23. Qd1 Qxd5+ 24. f3 Qxb7 $19) 22... Qxd5+ 23. f3 Rxe1 (23... Qxb7 $2 24. Qxd2 Qc6 25. Rb1 $19) 24. Qxd2 Re7 $19) 21... fxe4 22. Rxe4 Rxe4 23. Qxe4 $11 {[%emt 0:00:02][%mdl 4096] Endgame KQR-KQR. White is a pawn up.} Re8 24. Qd3 (24. Qf3 $11 {keeps the balance.}) 24... Qxf4 $17 25. Rxb7 Re5 26. Rb8+ {[%emt 0:03:34] [#]} Kf7 $1 27. Rb4 Qg5+ (27... Rg5+ $17 28. Kf1 Qxh2) 28. Qg3 $15 Qxg3+ 29. hxg3 Rxd5 {[%emt 0:00:08] KR-KR} 30. Kf3 {[%emt 0:02:05] [#]} (30. Rc4 $15) 30... Rc5 $1 $17 31. c4 a5 32. Ra4 h5 33. Ke4 g5 34. f4 Kf6 35. fxg5+ Kxg5 36. Kd4 $2 {[%emt 0:00:03] White does not recover from this.} (36. Kf3 $17) 36... Kg4 $19 37. Ra3 Rf5 38. Rb3 $2 (38. c5 Rxc5 (38... dxc5+ $2 39. Ke4 $19) 39. Ke4) 38... c5+ 39. Ke4 Re5+ 40. Kd3 Kxg3 41. Rb6 (41. Rb7 $142 Rg5 (41... h4 $2 42. Rg7+ Kf3 43. Kc3 $19) 42. Re7) 41... h4 {[%emt 0:03:08] Threatens to win with ...h3.} 42. Rxd6 h3 {[%emt 0:00:12] ( -> ...h2)} 43. Rh6 h2 44. Kc3 Re3+ 45. Kb2 Kg2 (45... a4 $142 46. c3 Re4 47. Ka3 Rxc4 48. Rh7 Rh4 (48... Rxc3+ $2 49. Kxa4 Rc4+ 50. Kb5 $19) 49. Rxh4 Kxh4 50. Kxa4 h1=Q (50... h1=B 51. Kb5 $11) 51. Kb5 Qe1 52. Kc4 Qa1 53. Kxc5 Qxc3+ 54. Kd5 Qa5+ 55. Kd6 Qxa2 56. Kc6 Qc4+ 57. Kb7 Qb5+ 58. Kc8 Kg4 59. Kc7 Kf5 60. Kd6 Kf6 61. Kc7 Ke6 62. Kc8 Kd6 63. Kd8 Qd7#) 46. c3 Rh3 {[%emt 0:01:00] Black mates.} 47. Rg6+ Kf3 48. Rf6+ Ke4 49. Re6+ {[%emt 0:00:32] Weighted Error Value: White=0.87/Black=0.23 (precise)   Loses game:     	White=1     	---        Mistake:       	White=5     	Black=1      Inaccurate:     	White=1     	Black=3      OK:         	White=11    	Black=12     Best:        	White=5     	Black=5      Strong:       	White=1     	Black=2} 0-1

[Event "44th Indian Team Championship 2025"]
[Site "Gujarat"]
[Date "2025.03.06"]
[Round "2.12"]
[White "Sanket Chakravarty"]
[Black "Nandha Kumar K"]
[Result "1-0"]
[Annotator "TA"]
[ECO "A17"]
[WhiteElo "2326"]
[BlackElo "1846"]
[PlyCount "53"]
[EventDate "2025.03.03"]
[EventCountry "IND"]
[SourceTitle "playchess.com"]
[Source "ChessBase"]
[SourceQuality "1"]
[TimeControl "5400+30"]

1. c4 Nf6 2. Nf3 e6 3. Nc3 d5 4. e3 Be7 5. b3 c5 6. cxd5 {[%emt 0:03:54] A17: English Opening: 1...Nf6 with ...Bb4.} exd5 7. d4 cxd4 8. Nxd4 {[%emt 0:00:43] White has an edge.} Bb4 9. Bd2 (9. Bb2 $14) 9... Nc6 $146 (9... O-O 10. Bd3 Nc6 11. O-O Ne5 12. Bc2 Neg4 13. h3 Bxc3 14. Bxc3 Qc7 15. hxg4 Nxg4 {1-0 Sarana,A (2685)-Pranesh,M (2493) Olympic Esports Prelims blitz 2023 (2.3)}) 10. Nxc6 bxc6 11. a3 ({White should play} 11. Bd3 $11) 11... Bd6 $15 12. Be2 O-O 13. O-O Qe7 14. b4 Bd7 15. Re1 a5 16. bxa5 Rxa5 17. a4 Rfa8 (17... Be5 $17) 18. Bf3 Rc5 {[%emt 0:03:43] [#] aiming for ...Qe5.} 19. e4 Qe5 20. g3 {[%emt 0:01:20] next exd5 is good for White. Successful Defense White} Rxc3 (20... Qd4 $11) 21. exd5 $14 Rxf3 $1 22. Rxe5 Bxe5 {[%emt 0:00:08] A strong pair of Bishops.} 23. Qxf3 Bxa1 24. dxc6 Be6 25. c7 (25. Qa3 $11 Be5 26. a5) 25... Rxa4 $2 {[%emt 0:01:31][%mdl 8192] [#]} (25... Nd5 $15) 26. Qc6 $18 Bd7 27. c8=Q+ {[%emt 0:00:12] Weighted Error Value: White=0.23 (precise) /Black=0.66  Loses game:     	---       	Black=1      Mistake:       	White=3     	Black=2      Inaccurate:     	White=1     	Black=5      OK:         	White=8     	Black=5      Best:        	White=2     	---        Strong:       	---       	Black=1} 1-0